 Dungeon Crawl Stone Soup version 0.19-a0-160-gd53b84c (webtiles) character file.

16541 wvc the Carver (level 12, -6/217 HPs)
             Began as a Demonspawn Gladiator on May 21, 2016.
             Was a High Priest of Okawaru.
             Mangled by a wolf (7 damage)
             ... on level 4 of the Lair of Beasts.
             The game lasted 00:36:05 (14795 turns).

wvc the Carver (Demonspawn Gladiator)              Turns: 14795, Time: 00:36:05

Health: -6/217     AC: 26    Str: 20    XL:     12   Next: 11%
Magic:  12/12      EV:  2    Int: 14    God:    Okawaru [*****.]
Gold:   690        SH:  8    Dex: 24    Spells: 2 memorised, 7 levels left

rFire  . . .     SeeInvis .     s - +3 dagger (venom)
rCold  . . .     Gourm    .     (armour currently unavailable)
rNeg   + + +     Faith    .     S - +0 buckler
rPois  +         Spirit   .     (helmet currently unavailable)
rElec  .         Dismiss  .     (cloak currently unavailable)
rCorr  .         Reflect  +     (gloves currently unavailable)
SustAt .         Harm     .     (boots currently unavailable)
MR     .....     Rnd*Rage +     Q - +3 amulet of reflection
Stlth  .......... NoTele   +    x - ring of positive energy
                                M - +4 ring of slaying

@: agile, berserking, lethally poisoned (-6 -> -8), tree-form (expiring), very
quick, not resistant to hostile enchantments, extremely unstealthy
A: (antennae 0), (icy blue scales 0), agile 1, berserk 1, clever 1, powered by
pain 2, robust 1, rot immunity
a: Heroism, Finesse, Renounce Religion


You were on level 4 of the Lair of Beasts.
You worshipped Okawaru.
Okawaru was extremely pleased with you.
You were not hungry.
You were a tree.
You visited 3 branches of the dungeon, and saw 15 of its levels.
You also visited: Sewer.

You collected 690 gold pieces.

Inventory:

Hand Weapons
 s - a +3 dagger of venom (weapon)
 A - a +5 long sword of protection
 O - a +2 falchion of electrocution
Armour
 g - a +1 hat of magic resistance (melded)
 p - a +0 cloak (melded)
 w - a +0 pair of boots (melded)
 G - a +4 ring mail (melded)
 L - a +0 pair of gloves (melded)
 R - a troll hide
 S - a +0 buckler (worn)
Jewellery
 b - an uncursed ring of protection from fire
 x - a ring of positive energy (right branch)
 F - an uncursed ring of protection from cold
 M - a +4 ring of slaying (left branch)
 Q - a +3 amulet of reflection (around neck)
 X - an uncursed ring of see invisible
Wands
 e - a wand of hasting (3/9)
 h - a wand of disintegration (7/24)
 q - a wand of confusion (23/48)
 B - a wand of flame (23/48)
 N - a wand of digging (11/24)
 T - a wand of acid (2/15)
Scrolls
 d - 2 scrolls of magic mapping
 k - 8 scrolls of remove curse
 n - 5 scrolls of amnesia
 y - 4 scrolls of enchant weapon
 D - 2 scrolls of blinking
 W - 4 scrolls of fog
 Z - a scroll of recharging
Potions
 a - a potion of might
 j - 4 potions of flight
 m - a potion of magic
 o - a potion of resistance
 t - 2 potions of invisibility
 u - 2 potions of lignification
 v - a potion of berserk rage
 I - a potion of brilliance {unknown}
 J - a potion of agility
 K - a potion of beneficial mutation {unknown}
 P - a potion of cancellation {unknown}
 U - a potion of cure mutation {unknown}
Miscellaneous
 c - a phantom mirror
Comestibles
 f - 7 bread rations
 l - 2 meat rations
 Y - 8 fruits


   Skills:
 + Level 6.7 Fighting
 + Level 14.3 Long Blades
 - Level 1.8 Throwing
 * Level 6.8 Armour
 + Level 6.5 Dodging


You had 7 spell levels left.
You knew the following spells:

 Your Spells              Type           Power        Failure   Level  Hunger
a - Blink                 Tloc           N/A          75%         2    ###....
b - Repel Missiles        Chrm/Air       #.....       75%         2    ###....


Dungeon Overview and Level Annotations

Branches:
Dungeon (10/15)            Temple (1/1) D:4            Lair (4/8) D:10
    Orc (0/2) D:9
  Swamp: Lair:3-6    Shoals: Lair:3-6     Snake: Lair:3-6    Spider: Lair:3-6

Altars:
Ashenzari
Cheibriados
Dithmenos
Elyvilon
Fedhas
Gozag
Kikubaaqudgha
Makhleb
Nemelex Xobeh
Okawaru
Pakellas
Qazlal
Ru
Sif Muna
Trog
Vehumet
Xom
Yredelemnul
Zin
The Shining One


Innate Abilities, Weirdness & Mutations

((You have a pair of small antennae on your head.))
((You are mostly covered in icy blue scales (AC +3, EV -1).))
You sometimes gain power by taking damage.
You are immune to rotting.
You are agile. (Dex +2)
You tend to lose your temper in combat.
Your mind is acute. (Int +2)
You are robust (+10% HP).


Message History

The wolf completely misses you.
You hit the queen ant but do no damage.
The queen ant is moderately wounded.
The wolf bites you but does no damage. The queen ant barely misses you.
You hit the queen ant but do no damage.
The queen ant is moderately wounded.
* * * LOW HITPOINT WARNING * * *
You feel sick.
You hit the queen ant.
The queen ant is moderately wounded.
The wolf bites you but does no damage.
You hit the queen ant.
The queen ant is heavily wounded.
* * * LOW HITPOINT WARNING * * *
You feel sick.
The queen ant stings you but does no damage.
You puncture the queen ant!
The queen ant is heavily wounded.
The wolf bites you!
You die...

................
........(.......
####............
#......#.P.#.
##....##.##.. ...
#...## # # ... #..##
.... ##..# .....
#+###♣h# .....###..
##a#
......#..###.#aa.#
.........hhh#aaaa.#
..........hh##.aa##
..........h..###aa#
#
..............###...
## ....#.#.###....#
.... #. ... ##..#
#P...## ..# ##.


You could see a queen ant, 2 soldier ants, a wolf and 7 worker ants.

Vanquished Creatures
  The ghost of Kidiri the Arsonist, a journeyman HEFE of Vehumet (Lair:3)
  A hydra (Lair:4)
  The ghost of Duffy the Arsonist, a novice DEFE of Sif Muna (D:10)
  A hill giant (D:10)
  A cyclops (D:10)
  4 black mambas
  5 spiny frogs
  Psyche (D:8)
  A troll (D:9)
  A polar bear (Lair:4)
  A two-headed ogre (D:10)
  Prince Ribbit (D:7)
  Grinder (D:6)
  4 blink frogs
  Sigmund (D:5)
  A yak (D:9)
  3 hippogriffs
  A human (D:8)
  A wyvern (D:10)
  A basilisk (Lair:2)
  A hungry ghost (D:10)
  Edmund (D:5)
  A soldier ant (Lair:4)
  7 water moccasins
  3 porcupines
  4 orc warriors
  A black bear (D:8)
  2 phantoms
  2 sky beasts
  4 ogres
  4 wolves
  10 centaurs
  9 crocodiles
  7 giant frogs
  A scorpion (D:10)
  12 killer bees
  3 wights (D:7)
  5 howler monkeys
  4 crimson imps
  2 hounds
  10 orc priests
  Crazy Yiuf (D:2)
  4 jellies
  13 orc wizards
  Jessica (D:3)
  2 giant frog skeletons (D:10)
  3 iguanas
  9 worker ants
  Ijyb (D:2)
  A sheep (Lair:3)
  A hound zombie (D:9)
  A hound skeleton (D:10)
  A howler monkey zombie (D:5)
  14 gnolls
  2 howler monkey skeletons
  10 adders
  13 river rats
  3 shadow imps
  12 white imps (Lair:3)
  An adder skeleton (D:9)
  6 oozes
  4 worms
  6 dart slugs
  6 giant geckos
  42 orcs
  3 ball pythons (D:6)
  8 bats
  6 giant cockroaches
  8 goblins
  3 hobgoblins
  11 jackals
  12 kobolds
  7 quokkas
  A ball python skeleton (D:4)
  7 giant newts
  A jackal skeleton (D:5)
  6 rats
  A plant (D:10)
356 creatures vanquished.

Vanquished Creatures (others)
  7 fungi
  A plant (Lair:4)
8 creatures vanquished.

Grand Total: 364 creatures vanquished

Notes
Turn   | Place    | Note
--------------------------------------------------------------
     0 | D:1      | wvc the Demonspawn Gladiator began the quest for the Orb.
     0 | D:1      | Reached XP level 1. HP: 16/16 MP: 1/1
   255 | D:1      | Gained mutation: You are partially covered in icy blue scales (AC +1). [demonic ancestry]
   255 | D:1      | Reached XP level 2. HP: 11/22 MP: 2/2
   444 | D:1      | Reached skill level 3 in Long Blades
   821 | D:2      | Reached XP level 3. HP: 27/27 MP: 3/3
   887 | D:2      | Noticed Crazy Yiuf
   900 | D:2      | Killed Crazy Yiuf
   900 | D:2      | Reached skill level 4 in Long Blades
   900 | D:2      | Gained mutation: You sometimes gain a little power by taking damage. [demonic ancestry]
   900 | D:2      | Reached XP level 4. HP: 22/33 MP: 4/4
  1369 | D:2      | Found a shattered altar of Ashenzari.
  1375 | D:2      | Reached skill level 5 in Long Blades
  1387 | D:2      | Gained mutation: You are mostly covered in icy blue scales (AC +3, EV -1). [demonic ancestry]
  1387 | D:2      | Reached XP level 5. HP: 19/38 MP: 5/5
  1558 | D:2      | Noticed Ijyb
  1598 | D:2      | Killed Ijyb
  2181 | D:2      | Found a shadowy altar of Dithmenos.
  2186 | D:2      | Found a sacrificial altar of Ru.
  2630 | D:3      | Noticed Jessica
  2634 | D:3      | Killed Jessica
  2634 | D:3      | Reached skill level 6 in Long Blades
  2634 | D:3      | Reached XP level 6. HP: 34/44 MP: 6/6
  3000 | D:4      | Noticed a sky beast
  3014 | D:4      | Killed a sky beast
  3207 | D:4      | Reached skill level 7 in Long Blades
  3207 | D:4      | Gained mutation: You are immune to rotting. [demonic ancestry]
  3207 | D:4      | Reached XP level 7. HP: 28/50 MP: 7/7
  3853 | D:4      | Found a staircase to the Ecumenical Temple.
  3885 | Temple   | Entered the Ecumenical Temple
  4041 | Temple   | Became a worshipper of Warmaster Okawaru
  4127 | D:5      | Entered Level 5 of the Dungeon
  4140 | D:5      | Found a white marble altar of Elyvilon.
  4219 | D:5      | Noticed Sigmund
  4244 | D:5      | Killed Sigmund
  4244 | D:5      | Reached skill level 8 in Long Blades
  4247 | D:5      | Noticed Edmund
  4264 | D:5      | Killed Edmund
  4264 | D:5      | Reached * piety under Okawaru
  4264 | D:5      | Reached XP level 8. HP: 55/56 MP: 8/8
  4321 | D:5      | Reached skill level 9 in Long Blades
  5414 | D:5      | Got a crude flail
  5415 | D:5      | Identified the +2 flail "Zinemes" {crush, Str+2 Int+3 Stlth+} (You found it on level 5 of the Dungeon)
  5493 | D:6      | Noticed Grinder
  5496 | D:6      | Paralysed by Grinder for 2 turns
  5507 | D:6      | Killed Grinder
  5507 | D:6      | Reached skill level 10 in Long Blades
  5518 | D:6      | Found a glowing drain.
  5566 | Sewer    | Entered a sewer
  6010 | D:6      | Reached ** piety under Okawaru
  6261 | D:6      | Reached XP level 9. HP: 42/61 MP: 9/9
  6456 | D:6      | Reached skill level 11 in Long Blades
  6464 | D:6      | Found an opulent altar of Gozag.
  7045 | D:7      | Found a snail-covered altar of Cheibriados.
  7395 | D:7      | Reached skill level 12 in Long Blades
  7651 | D:7      | Noticed Prince Ribbit
  7665 | D:7      | Killed Prince Ribbit
  7665 | D:7      | Reached *** piety under Okawaru
  8103 | D:8      | Gained mutation: You sometimes gain power by taking damage. [demonic ancestry]
  8103 | D:8      | Reached XP level 10. HP: 40/68 MP: 10/10
  8352 | D:8      | Found a basalt altar of Yredelemnul.
  8352 | D:8      | Found an oddly glowing altar of Pakellas.
  8368 | D:8      | Noticed Psyche
  8374 | D:8      | Killed Psyche
  8374 | D:8      | Reached skill level 13 in Long Blades
  8374 | D:8      | Reached skill level 1 in Armour
  8652 | D:8      | Found a stormy altar of Qazlal.
  8915 | D:9      | Found a snail-covered altar of Cheibriados.
  9145 | D:8      | Reached **** piety under Okawaru
  9936 | D:9      | Found a staircase to the Orcish Mines.
 10492 | D:10     | Entered Level 10 of the Dungeon
 10613 | D:10     | Noticed Duffy's ghost (novice DEFE)
 10643 | D:10     | Killed Duffy's ghost
 10643 | D:10     | Reached ***** piety under Okawaru
 10655 | D:10     | Gained mutation: Your muscles are strong. (Str +2) [mutagenic meat]
 10656 | D:10     | Lost mutation: Your muscles are strong. (Str +2) [mutagenic meat]
 10657 | D:10     | Gained mutation: You tend to lose your temper in combat. [mutagenic meat]
 10658 | D:10     | Gained mutation: You are agile. (Dex +2) [mutagenic meat]
 10958 | D:10     | Found a staircase to the Lair.
 11009 | D:10     | Found a stormy altar of Qazlal.
 11111 | D:10     | Noticed a hill giant
 11129 | D:10     | Killed a hill giant
 11129 | D:10     | Reached XP level 11. HP: 78/78 MP: 8/11
 11288 | D:10     | Reached skill level 5 in Fighting
 11332 | D:10     | Reached skill level 5 in Dodging
 11550 | Lair:1   | Entered Level 1 of the Lair of Beasts
 11945 | Lair:1   | Learned a level 2 spell: Blink
 11948 | Lair:1   | Learned a level 2 spell: Repel Missiles
 12154 | Lair:1   | Received a gift from Okawaru
 12621 | Lair:2   | Reached skill level 5 in Armour
 13599 | Lair:3   | Reached skill level 14 in Long Blades
 13706 | Lair:3   | Received a gift from Okawaru
 13793 | Lair:3   | Noticed Kidiri's ghost (journeyman HEFE)
 14463 | Lair:3   | Killed Kidiri's ghost
 14493 | Lair:3   | Received a gift from Okawaru
 14515 | Lair:3   | You fall through a shaft!
 14516 | Lair:4   | Noticed a seven-headed hydra
 14620 | Lair:4   | Killed a seven-headed hydra
 14620 | Lair:4   | Gained mutation: You have a pair of small antennae on your head. [demonic ancestry]
 14620 | Lair:4   | Reached XP level 12. HP: 46/89 MP: 10/12
 14632 | Lair:4   | Gained mutation: Your mind is acute. (Int +2) [potion of mutation]
 14632 | Lair:4   | Gained mutation: You are robust (+10% HP). [potion of mutation]
 14762 | Lair:4   | Noticed a queen ant
 14785 | Lair:4   | HP: 7/145 [poisoned by a black mamba]
 14789 | Lair:4   | HP: 2/217 [queen ant (6)]
 14794 | Lair:4   | HP: 1/217 [poisoned by a black mamba]
 14795 | Lair:4   | Mangled by a wolf

Vault maps used:
D:1:      minmay_arrival_five_plusses
D:2:      evilmike_ruin_ashenzari, minitemple, corexii_shack,
          uniq_crazy_yiuf_cottage, uniq_iyjb
D:3:      uniq_jessica
D:4:      minmay_temple_entry_enclosed_plants, first_bread
D:5:      elyvilon_altar_5, uniq_edmund, uniq_sigmund
D:6:      marbit_many_paths, portal_sewer_entry_c, grunt_decor_clamped,
          minmay_misc_feat_nine_boxes, uniq_grinder
D:7:      lemuel_centaur_altar, uniq_prince_ribbit1
D:8:      kennysheep_little_box, gammafunk_temple_overflow_wave, uniq_psyche
D:9:      overflow_temple_1_default, erik_orc_4, hangedman_little_slice_of_home
D:10:     dpeg_oklobed_lair, nicolae_qazlal_general_emergency
Temple:   circular_temple_12
Lair:1:   serial_bayou_shore_b
Lair:2:   serial_bayou_pond_b, minmay_holes
Lair:3:   basic_altar, portal_ice_cave_entry_imps, serial_bayou_shore_a,
          grunt_megastairs_1
Lair:4:   shoals_dummy_entry, st_stairs_5, zaba_antful_of_joy
Sewer:    sewer_the_crocodile

Skill      XL: |  1  2  3  4  5  6  7  8  9 10 11 |
---------------+----------------------------------+-----
Long Blades    | 3 4 5 6 7 8 10 12 13 14 | 14.3
Dodging        | 3 4 6 |  6.5
Armour         | 4 6 |  6.8
Fighting       | 4 6 |  6.7
Throwing       | |  1.8

Action                   |  1- 3 |  4- 6 |  7- 9 | 10-12 || total
-------------------------+-------+-------+-------+-------++-------
Melee: Long sword        |    96 |   121 |   314 |   613 ||  1144
       Dagger            |       |   145 |   196 |    52 ||   393
       Punch             |       |       |       |     1 ||     1
Throw: Throwing net      |     1 |     2 |     2 |       ||     5
Invok: Heroism           |       |       |     4 |     8 ||    12
Evoke: Wand              |       |       |       |    11 ||    11
  Use: Scroll            |       |    10 |    11 |    12 ||    33
       Potion            |       |       |     1 |    11 ||    12
 Stab: Held in net/web   |     2 |       |     1 |       ||     3
       Distracted        |       |       |       |     1 ||     1
  Eat: Chunk             |       |     8 |     3 |    12 ||    23
       Beef jerky        |       |       |     1 |     2 ||     3
       Meat ration       |       |       |     2 |       ||     2
       Pizza             |       |       |     1 |     1 ||     2
       Royal jelly       |       |       |       |    10 ||    10
Armor: Leather armour    |    25 |       |    59 |       ||    84
       Ring mail         |    20 |   114 |   156 |   270 ||   560
       Skin              |       |       |       |    34 ||    34
Dodge: Dodged            |    81 |   130 |   273 |   270 ||   754
Block: Buckler           |       |       |       |    95 ||    95
